 Dungeon Crawl Stone Soup version 0.29-a0-284-gf9362112df (webtiles) character file.

Game seed: 17524368881203859578

3 sokol815 the Firebug (level 1, 0/11 HPs)
             Began as an Octopode Fire Elementalist on Mar 26, 2022.
             Frozen to death by an endoplasm (5 damage)
             ... on level 1 of the Dungeon.
             The game lasted 00:01:28 (336 turns).

sokol815 the Firebug (Octopode Fire Elementalist)    Turns: 336, Time: 00:01:29

Health: 0/11       AC:  1    Str:  7    XL:     1   Next: 50%
Magic:  3/3        EV: 13    Int: 17    God:
Gold:   6          SH:  0    Dex: 12    Spells: 3/4 levels left

rFire   . . .      SeeInvis .   b - +0 dagger
rCold   . . .      Faith    .   (no shield)
rNeg    . . .      Spirit   .   (helmet restricted)
rPois   .          Reflect  .   (no amulet)
rElec   .          Harm     .   (no ring)
rCorr   .          Rampage  .   (no ring)
Will    .....                   (no ring)
Stlth   +++.......              (no ring)
HPRegen 0.03/turn               (no ring)
MPRegen 0.08/turn               (no ring)
                                (no ring)
                                (no ring)

@: no status effects
A: almost no armour, amphibious, 8 rings, camouflage 1, gelatinous body 1,
(nimble swimmer 1), tentacles
a: no special abilities


You were on level 1 of the Dungeon.
You visited 1 branch of the dungeon, and saw 1 of its levels.

You collected 6 gold pieces.

Inventory:

Hand Weapons
 b - a +0 dagger (weapon)
   (You found it on level 1 of the Dungeon)
Missiles
 s - 36 stones
Potions
 a - 2 potions of heal wounds {unknown}
 M - a potion of magic


   Skills:
 - Level 2.0 Dodging
 - Level 2.6 Stealth
 - Level 2.0 Spellcasting
 + Level 1.5 Conjurations
 - Level 3.0 Fire Magic


You had 3 spell levels left.
You knew the following spells:

 Your Spells              Type           Power      Damage    Failure   Level
a - Foxfire               Conj/Fire      36%        2x1d5     8%          1

Your spell library contained the following spells:

 Spells                   Type           Power      Damage    Failure   Level
 Scorch                   Fire           22%        2d6       9%          2
 Conjure Flame            Conj/Fire      9%         6-21      22%         3
 Inner Flame              Hex/Fire       6%         N/A       30%         3
 Flame Wave               Conj/Fire      9%         2d5       58%         4


Dungeon Overview and Level Annotations

Branches:
Dungeon (1/15)

Altars:


Innate Abilities, Weirdness & Mutations

You cannot wear most types of armour.
You are amphibious.
You can wear up to eight rings at the same time.
Your skin changes colour to match your surroundings (Stealth+).
Your rubbery body absorbs attacks. (AC +1, EV +1)
((You are camouflaged when in or above water. (Stealth+)))
You have tentacles for arms and can constrict up to eight enemies at once.


Message History

Welcome, sokol815 the Octopode Fire Elementalist.
It is said that the Orb of Zot exists deep within this dungeon.
Found a chain mail.
Found a staircase leading out of the dungeon.
A hobgoblin comes into view.
You conjure some foxfire!
You now have 2/3 mp.
You conjure some foxfire!
You now have 1/3 mp.
The foxfire hits the hobgoblin.
The foxfire hits the hobgoblin but does no damage.
You conjure some foxfire!
You now have 0/3 mp.
The foxfire hits the hobgoblin. x2
You kill the hobgoblin!
You start resting.
MP restored: 3 You now have 6 gold pieces.
A hobgoblin comes into view.
You conjure some foxfire!
You now have 2/3 mp.
The foxfire hits the hobgoblin.
The hobgoblin shouts!
You miscast Foxfire.
You are very lightly contaminated with residual magic.
Nothing appears to happen.
You now have 1/3 mp.
You conjure some foxfire!
The hobgoblin hits you.
You take 4 damage, and have 7/11 hp.
MASSIVE DAMAGE!!
You now have 0/3 mp.
The foxfire hits the hobgoblin.
You kill the hobgoblin!
You start resting.
Your magical contamination has completely faded away.
You start resting.
Health restored: 11; MP restored: 3
s - 23 stones You see here a hobgoblin corpse.
a - 2 inky potions Clearing quiver.
Found a stone staircase leading down.
A frilled lizard comes into view.
No action selected
Okay, then.
A frilled lizard is nearby!
No action selected You miscast Foxfire.
You are very lightly contaminated with residual magic.
Nothing appears to happen.
You now have 2/3 mp.
You conjure some foxfire!
The frilled lizard hisses angrily.
You now have 1/3 mp.
You conjure some foxfire!
The foxfire hits the frilled lizard.
You kill the frilled lizard!
You now have 0/3 mp.
You start resting.
Your magical contamination has completely faded away.
You start resting.
MP restored: 3
b - a +0 dagger
s - 36 stones (gained 13)
An endoplasm comes into view.
b - a +0 dagger (weapon)
The endoplasm quivers.
You hit the endoplasm. The endoplasm misses you.
You hit the endoplasm. The endoplasm misses you.
You barely miss the endoplasm. The endoplasm freezes you.
You are frozen.
You take 4 damage, and have 7/11 hp.
MASSIVE DAMAGE!!
You hit the endoplasm but do no damage. The endoplasm barely misses you.
You hit the endoplasm but do no damage. Your squeeze misses the endoplasm.
The endoplasm closely misses you.
You barely miss the endoplasm. The endoplasm closely misses you.
You hit the endoplasm but do no damage. The endoplasm misses you.
You hit the endoplasm but do no damage.
You squeeze the endoplasm, but do no damage.
The endoplasm completely misses you.
You hit the endoplasm but do no damage. The endoplasm hits you.
You take 1 damage, and have 7/11 hp.
You hit the endoplasm. The endoplasm hits you.
You take 2 damage, and have 5/11 hp.
You hit the endoplasm but do no damage. The endoplasm freezes you.
You are frozen.
You die...

.#.###..##.#
#..# ##.# #
##..# #..
#..##### #†.
##......#
#..#.###..####.#
#..#.......#
#..#####.#.#
##..#####.#.#
#...J@....###
#.#######.# #.#
#.# #.# #.. #.#
..#


You could see an endoplasm.

Vanquished Creatures
  2 hobgoblins (D:1)
  A frilled lizard (D:1)
3 creatures vanquished.

Vanquished Creatures (others)
  12 foxfires (D:1)
12 creatures vanquished.

Grand Total: 15 creatures vanquished

Notes
Turn   | Place    | Note
-------+----------+-------------------------------------------
     0 | D:1      | sokol815 the Octopode Fire Elementalist began the quest for
                  | the Orb.
     0 | D:1      | Reached XP level 1. HP: 11/11 MP: 3/3
   336 | D:1      | Frozen to death by an endoplasm

Illustrated notes

Levels and vault maps discovered:
D:1:      dpeg_arrival_central, layout_basic, shapermc_ecumenical_altar_gd,
          supply_closet_lemuel

Action                   || total
-------------------------++-------
Melee: Dagger            ||    11
       Tentacles         ||     1
 Cast: Foxfire           ||     7
Dodge: Dodged            ||     7

Table legend: (Time is in decaauts)
 A = Elapsed time spent in this place.
 B = Non-inter-level travel time spent in this place.
 C = Inter-level travel time spent in this place.
 D = Time resting spent in this place.
 E = Time spent auto-exploring this place.
 F = Levels seen in this place.
 G = Mean time per level.
                   A        B        C        D        E       F      G
               +--------+--------+--------+--------+--------+-----+--------+
         Total |    335 |    335 |      0 |    170 |    122 |   1 |  335.0 |
       Dungeon |    335 |    335 |      0 |    170 |    122 |   1 |  335.0 |
               +--------+--------+--------+--------+--------+-----+--------+

Top non-repeatable levels by time:
     D:1: 335 daAuts

Table legend:
 A = Kills in this place as a percentage of kills in entire the game.
 B = Kills by you in this place as a percentage of kills by you in the entire game.
 C = Kills by friends in this place as a percentage of kills by friends in the entire game.
 D = Other kills in this place as a percentage of other kills in the entire game.
 E = Experience gained in this place as a percentage of experience gained in the entire game.
 F = Experience gained in this place divided by the number of levels of this place that you have seen.
                   A       B       C       D       E      F
               +-------+-------+-------+-------+-------+----------------------
         Total | 100.0 | 100.0 |   N/A |   N/A | 100.0 |   5.0
       Dungeon | 100.0 | 100.0 |   N/A |   N/A | 100.0 |   5.0
               +-------+-------+-------+-------+-------+----------------------
